 Dungeon Crawl Stone Soup version 0.30.0-29-ga12c61a403 (webtiles) character file.

Game seed: 8845730458202546712

283631 GimliDwarf the Eternal Night (level 20, -4/161 HPs)
             Began as a Gnoll Wanderer on June 13, 2023.
             Was the Champion of Dithmenos.
             Splashed by an acid blob's acid (6 damage)
             ... on level 1 of the Pits of Slime.
             The game lasted 03:50:19 (41574 turns).

GimliDwarf the Eternal Night (Gnoll Wanderer)      Turns: 41574, Time: 03:50:20

Health: -4/161     AC:  0    Str: 26    XL:     20   Next: 56%
Magic:  39/39      EV: 19    Int: 18    God:    Dithmenos [******]
Gold:   2529       SH:  0    Dex: 15    Spells: 2/49 levels left

rFire   . . .        G - +13 consecrated labrys {holy, Valiant Fragile Fly SInv}
rCold   . . .        (no shield)
rNeg    + . .        v - +5 swamp dragon scales
rPois   +            V - +2 helmet
rElec   +            o - +2 cloak of the Enchanted Forest {Contam rElec Str+9}
rCorr   .            I - +2 pair of gloves
SInv    +            a - +2 pair of boots
Will    +....        E - amulet of Vitality {RegenMP++ Regen++} Stlth **++++++++
                     f - ring "Zouhe" {rN+ Int+4 Slay+4 Stlth+}
HPRegen 2.06/turn    Y - ring of wizardry
MPRegen 1.06/turn

%: wizardry (x1)
@: corroded, flying, wreathed by umbra
A: fangs 1, strong nose, distributed training, strong 1
}: 2/15 runes: decaying, serpentine
a: Renounce Religion, Shadow Step, Shadow Form


You were on level 1 of the Pits of Slime.
You worshipped Dithmenos.
Dithmenos was exalted by your worship.
You visited 8 branches of the dungeon, and saw 35 of its levels.
You visited the Abyss 3 times.
You also visited: Ice Cave and Volcano.

You collected 4372 gold pieces.
You spent 1843 gold pieces at shops.

Inventory:

Hand Weapons
 q - the +8 arc blade {discharge, rElec}
   (You found it on level 3 of the Dungeon)

   rElec:     It insulates you from electricity.
 F - the +8 trident of Temperance {spect, *Noise +Blink rElec Str+3}
   (You found it on level 8 of the Dungeon)

   Str:       It affects your strength (+3).
   rElec:     It insulates you from electricity.
   +Blink:    It lets you blink.
   *Noise:    It may make noises in combat.
 G - the +13 consecrated labrys (weapon) {holy, Valiant Fragile Fly SInv}
   (You took it off a deep elf zephyrmancer on level 3 of the Elven Halls)

   Valiant:   It becomes more powerful as more dangerous foes come into view.
   SInv:      It lets you see invisible.
   Fly:       It grants you flight.
   Fragile:   It will be destroyed if unequipped.
 K - the +10 quarterstaff of a wizard's laboratory {drain, Str+3}
   (You found it on level 1 of the Swamp)

   Str:       It affects your strength (+3).
Missiles
 y - 6 boomerangs of dispersal
Armour
 a - a +2 pair of boots (worn)
 o - the +2 cloak of the Enchanted Forest (worn) {Contam rElec Str+9}
   (You found it on level 6 of the Dungeon)

   Str:       It affects your strength (+9).
   rElec:     It insulates you from electricity.
   Contam:    It causes magical contamination when unequipped.
 v - +5 swamp dragon scales (worn)
 I - a +2 pair of gloves (worn)
 V - a +2 helmet (worn)
Magical Staves
 H - the staff of earth "Xyut" {*Corrode rC+++ Int+6}
   (You found it on level 3 of the Elven Halls)

   [staff of earth]

   Base accuracy: +5 Base damage: 5 Base attack delay: 1.2 This weapon's minimum
   attack delay (0.6) is reached at skill level 12.
   Int:       It affects your intelligence (+6).
   rC:        It renders you almost immune to cold.
   *Corrode:  It may corrode you when you take damage.
   It falls into the 'Staves' category.
   It is a one-handed weapon.
Jewellery
 f - the ring "Zouhe" (left hand) {rN+ Int+4 Slay+4 Stlth+}
   (You acquired it on level 4 of the Dungeon)

   [ring of slaying]

   Int:       It affects your intelligence (+4).
   Slay:      It affects your accuracy & damage with ranged weapons and melee
   (+4).
   rN:        It protects you from negative energy.
   Stlth:     It makes you more stealthy.
 g - a +6 ring of intelligence
 h - a ring of willpower
 n - a +4 ring of protection
 D - a +5 ring of evasion
 E - the amulet of Vitality (around neck) {RegenMP++ Regen++}
   (You found it on level 1 of the Swamp)

   [amulet of magic regeneration]

   It increases your rate of magic regeneration.
   Regen:     It increases your rate of health regeneration.
 J - a ring of ice
 L - the ring of Joleug {Wiz Fly rF+++ rC- Str-2}
   (You found it on level 9 of the Dungeon)

   [ring of wizardry]

   It improves your spell success rate.
   Str:       It affects your strength (-2).
   rF:        It renders you almost immune to fire.
   rC:        It makes you vulnerable to cold.
   Fly:       It grants you flight.
 R - a ring of see invisible
 X - the ring "Rixzyr" {Fly rF+ Str+2}
   (You found it on level 1 of the Snake Pit)

   [ring of flight]

   Str:       It affects your strength (+2).
   rF:        It protects you from fire.
   Fly:       It grants you flight.
 Y - a ring of wizardry (right hand)
Wands
 p - a wand of digging (11)
 w - a wand of flame (32)
 x - a wand of charming (64)
 C - a wand of polymorph (13)
 M - a wand of roots (7)
 P - a wand of mindburst (40)
 U - a wand of quicksilver (3)
Scrolls
 e - 18 scrolls of teleportation
 i - 3 scrolls of blinking
 l - a scroll of poison
 u - 2 scrolls of fog
 B - a scroll of silence
 N - 8 scrolls of fear
 T - 3 scrolls of amnesia
Potions
 c - 16 potions of curing
 d - 4 potions of magic
 j - a potion of heal wounds
 k - a potion of resistance
 m - 4 potions of invisibility
 r - a potion of ambrosia
 s - a potion of haste
 t - 3 potions of brilliance
 z - 5 potions of lignification
 A - 2 potions of mutation
 Q - 2 potions of might
 W - 2 potions of cancellation
Miscellaneous
 b - a phial of floods
 Z - a lightning rod (4/4)


   Skills:
 + Level 14.9 Fighting
 + Level 14.3 Short Blades
 + Level 14.3 Long Blades
 + Level 14.3 Axes
 + Level 14.3 Maces & Flails
 + Level 14.3 Polearms
 + Level 14.3 Staves
 + Level 14.3 Ranged Weapons
 + Level 14.3 Throwing
 + Level 14.5 Armour
 + Level 14.9 Dodging
 + Level 14.3 Stealth
 + Level 14.3 Shields
 + Level 14.3 Unarmed Combat
 + Level 15.1 Spellcasting
 + Level 12.1 Conjurations
 + Level 12.1 Hexes
 + Level 12.1 Summonings
 + Level 12.1 Necromancy
 + Level 12.1 Translocations
 + Level 12.1 Transmutations
 + Level 12.1 Fire Magic
 + Level 12.1 Ice Magic
 + Level 13.2 Air Magic
 + Level 12.1 Earth Magic
 + Level 12.1 Poison Magic
 + Level 15.5 Invocations
 + Level 14.3 Evocations


You had 2 spell levels left.
You knew the following spells:

 Your Spells              Type           Power      Damage    Failure   Level
a - Storm Form            Tmut/Air       28%        N/A       12%         7
b - Vhi's Electric Charg  Tloc/Air       100%       N/A       1%          3
c - Plasma Beam           Fire/Air       28%        2x1d44    1%          6
d - Mephitic Cloud        Conj/Pois/Air  56%        N/A       1%          3
e - Freezing Cloud        Conj/Ice/Air   28%        6-21      1%          5
f - Passwall              Tmut/Erth      45%        N/A       1%          2
g - Summon Lightning Spi  Summ/Air       56%        N/A       1%          4
h - Dispel Undead         Necr           55%        3d20      1%          4
i - Ignite Poison         Fire/Tmut/Pois 55%        N/A       1%          3
j - Olgreb's Toxic Radia  Pois           55%        N/A       1%          4
k - Statue Form           Tmut/Erth      36%        N/A       2%          6

Your spell library contained the following spells:

 Spells                   Type           Power      Damage    Failure   Level
 Apportation              Tloc           100%       N/A       1%          1
 Freeze                   Ice            100%       1d10      1%          1
 Necrotise                Necr           100%       1d9       1%          1
 Sandblast                Erth           100%       2d20      1%          1
 Shock                    Conj/Air       100%       1d9       1%          1
 Slow                     Hex            100%       N/A       1%          1
 Sting                    Tmut/Pois      100%       1d8       1%          1
 Summon Small Mammal      Summ           100%       N/A       1%          1
 Cigotuvi's Dreadful Rot  Necr/Pois/Air  100%       N/A       1%          2
 Ensorcelled Hibernation  Hex/Ice        100%       N/A       1%          2
 Poisonous Vapours        Pois/Air       100%       N/A       1%          2
 Wereblood                Tmut           55%        N/A       1%          2
 Confusing Touch          Hex            55%        N/A       1%          3
 Frozen Ramparts          Ice            100%       1d16      1%          3
 Hailstorm                Conj/Ice       55%        3d12      1%          3
 Spider Form              Tmut/Pois      55%        N/A       1%          3
 Stone Arrow              Conj/Erth      100%       3d13      1%          3
 Swiftness                Air            57%        N/A       1%          3
 Vampiric Draining        Necr           55%        2d9       1%          3
 Airstrike                Air            28%        2d(5-21)  1%          4
 Animate Dead             Necr           55%        N/A       1%          4
 Ice Form                 Ice/Tmut       55%        N/A       1%          4
 Leda's Liquefaction      Hex/Erth       27%        N/A       1%          4
 Sticky Flame             Conj/Fire      55%        2d7       1%          4
 Summon Ice Beast         Ice/Summ       55%        N/A       1%          4
 Alistair's Intoxication  Tmut/Pois      36%        N/A       1%          5
 Arcjolt                  Conj/Air       28%        1d38      1%          5
 Borgnjor's Vile Clutch   Necr/Erth      27%        N/A       1%          5
 Irradiate                Conj/Tmut      27%        3d20      1%          5
 Lee's Rapid Deconstruct  Erth           27%        3d15*     1%          5
 Metabolic Englaciation   Hex/Ice        27%        N/A       1%          5
 Silence                  Hex/Air        28%        N/A       1%          5
 Death Channel            Necr           27%        N/A       2%          6
 Eringya's Noxious Bog    Tmut/Pois      27%        N/A       2%          6
 Simulacrum               Ice/Necr       27%        N/A       2%          6
 Haunt                    Necr/Summ      27%        N/A       14%         7
 Ozocubu's Refrigeration  Ice            27%        4d13      14%         7
 Maxwell's Capacitive Co  Air            28%        ∞         54%         8
 Ignition                 Fire           27%        3d9       69%         8
 Infestation              Necr           27%        N/A       69%         8
 Fire Storm               Conj/Fire      27%        8d7       100%        9
 Polar Vortex             Ice            27%        N/A       100%        9


Dungeon Overview and Level Annotations

Branches:
Dungeon (15/15)            Temple (1/1) D:7            Lair (5/5) D:10
  Swamp (4/4) Lair:2        Snake (4/4) Lair:3        Slime (1/5) Lair:4
    Orc (2/2) D:11            Elf (3/3) Orc:2        Vaults (0/5) D:13
 Depths (0/4) D:15          IceCv (visited)         Volcano (visited)

Altars:
Ashenzari
Cheibriados
Dithmenos
Elyvilon
Fedhas
Gozag
Hepliaklqana
Kikubaaqudgha
Makhleb
Nemelex Xobeh
Okawaru
Qazlal
Ru
Sif Muna
Trog
Uskayaw
Vehumet
Wu Jian
Xom
Yredelemnul
Zin
The Shining One
Jiyva

Shops:
D:8 *   D:10 ?   Orc:2 :([*   Elf:1 *   Elf:3 ?[?!

Portals:
Trove: D:12 (give +7 demon whip)

Annotations:
D:11 1 runed translucent door, middlethird's ghost, journeyman VSAE
Elf:1 1 runed translucent door


Innate Abilities, Weirdness & Mutations

You have very sharp teeth.
Your uncanny sense of smell can sniff out nearby items.
Your experience applies equally to all skills.
Your muscles are strong. (Str +4, Int/Dex -1)


Message History

You bite the rockslime, but do no damage.
Your shadow barely misses the rockslime.
The rockslime completely misses you.
You hit the rockslime but do no damage.
You bite the rockslime, but do no damage.
The rockslime hits you!!
You emit a cloud of dark smoke.
You are shoved backwards!
You hit the rockslime but do no damage. You punch the rockslime.
You bite the rockslime, but do no damage.
The rockslime is lightly wounded.
Your shadow hits the rockslime but does no damage.
The rockslime barely misses you.
You hit the acid blob.
Your hands burn!
The acid blob is lightly wounded.
You hit the rockslime but do no damage.
Your shadow hits the acid blob with a broad axe!
Your shadow is burned by acid!
Your shadow hits the rockslime but does no damage.
The acid blob spits acid at you. The splash of acid hits you!
The acid corrodes you! The rockslime hits you!!!
* * * LOW HITPOINT WARNING * * *
You emit a cloud of dark smoke.
You hold your ground!
The acid blob misses you.
You hit the acid blob but do no damage.
Your hands burn!
* * * LOW HITPOINT WARNING * * *
The acid blob is lightly wounded.
You hit the rockslime but do no damage. The rockslime completely misses you.
The acid blob spits acid at you. The splash of acid hits you!!
* * * LOW HITPOINT WARNING * * *
The acid corrodes you!
Okay, then.
Okay, then.
Unknown command.
Press: ? - help, v - describe, . - travel
Here: a rockslime (black smoke, umbra)
The floor, spattered with blood.
The acid blob attacks as you move away! The acid blob hits you!
* * * LOW HITPOINT WARNING * * *
You are splashed with acid.
You die...

**** #*,,** ##.,,,*
*** #...,** *,****
##..####
,,,*,*##....#.###
,,,,,.#....#.§§§##
,,,,,.......#§§J@#
.............§JJ##**
..............§§#*,**
..............§.....#
...................##
..................##
...............#.##
_............J....#*
.....>.........#...#


You could see 2 acid blobs and a rockslime.

Vanquished Creatures
  the Lernaean hydra (Swamp:4)
  Nikola (Swamp:2)
  2 bone dragons (Abyss:3)
  Rupert (D:15)
  Jorgrun (Swamp:3)
  Mlioglotl (Swamp:2)
  A deep elf blademaster (Elf:3)
  6 tentacled starspawn (Abyss:3)
  2 thorn hunters
  Roxanne (Swamp:1)
  6 nagarajas
  3 deep elf sorcerers (Elf:3)
  A balrug (Abyss:3)
  8 deep elf elementalists
  An orc warlord (Orc:1)
  A cacodemon (Abyss:3)
  9 deep elf annihilators
  A juggernaut skeleton (Abyss:3)
  3 eleionomae
  3 deep elf demonologists (Elf:3)
  A black draconian (Abyss:3)
  3 bunyips
  Snorg (Orc:2)
  6 deep elf death magi
  A fire dragon (Lair:5)
  8 deep elf high priests (Elf:3)
  Fannar (D:11)
  A great orb of eyes (Abyss:3)
  2 ice dragons (D:15)
  2 shambling mangroves
  17 hydras
  A vault guard (D:13)
  The ghost of Xaytacwe the Reanimator, a journeyman GnNe of Cheibriados (Lair:1)
  A catoblepas (Lair:4)
  A salamander tyrant (Snake:4)
  8 anacondas
  3 centaur warriors
  4 two-headed ogres
  5 boulder beetles
  10 alligators
  A death knight (D:14)
  27 dancing weapons
  3 orc high priests
  5 thrashing horrors (Abyss:3)
  19 naga warriors
  18 naga sharpshooters
  A spriggan berserker (Swamp:3)
  15 deep elf knights
  3 sun demons (Abyss:3)
  7 goliath frogs
  3 shock serpents
  3 skysharks
  4 wretched stars (Abyss:3)
  2 skeletal warriors (Volcano)
  4 salamander mystics
  3 spriggan druids
  A death drake (Abyss:3)
  An orb spider (Abyss:3)
  9 swamp dragons
  5 bog bodies
  A steelbarb worm (shapeshifter) (D:9)
  A phantasmal warrior (D:14)
  8 naga ritualists
  28 starcursed masses (Abyss:3)
  Pikel (D:6)
  9 deep elf archers
  A wizard (D:14)
  2 anaconda skeletons (Volcano)
  26 deep elf zephyrmancers
  A shining eye (Abyss:3)
  4 orc knights
  7 ugly things
  An oklob plant (Lair:2)
  8 salamanders
  23 deep elf pyromancers
  5 mana vipers
  3 orc sorcerers
  A wolf spider (Lair:5)
  6 will-o-the-wisps
  7 cyclopes
  Maurice (D:9)
  3 elephants (Lair:5)
  5 guardian serpents
  3 smoke demons (Abyss:3)
  37 black mambas
  A rust devil (Abyss:3)
  6 gargoyles
  An orange demon (Abyss:3)
  Maggie (D:6)
  7 large abominations (Abyss:3)
  3 ice statues (IceCv)
  2 kobold demonologists (D:10)
  18 naga magi
  7 komodo dragons
  Psyche (D:11)
  2 unseen horrors
  17 cane toads
  A komodo dragon (shapeshifter) (D:15)
  4 rime drakes
  An unseen horror (shapeshifter) (Abyss:3)
  2 freezing wraiths
  4 yaktaurs (D:15)
  10 trolls
  A bloated husk (Swamp:2)
  A harpy skeleton (Volcano)
  A polar bear (Lair:1)
  5 tyrant leeches
  10 hornets
  21 blink frogs
  A tarantella (shapeshifter) (Elf:2)
  A raiju (shapeshifter) (Elf:2)
  3 raiju (Abyss:3)
  Sigmund (D:4)
  9 slime creatures
  An air elemental (Elf:2)
  3 shadows
  3 water elementals
  3 alligator skeletons (Volcano)
  2 culicivoras (shapeshifter) (D:13)
  3 flying skulls (Volcano)
  4 wraiths
  A dire elephant simulacrum (IceCv)
  7 spriggans
  A vampire (D:9)
  6 wyverns (Lair:5)
  4 basilisks
  2 ynoxinuls (Abyss:3)
  59 yaks
  2 neqoxecs (Abyss:3)
  A death yak simulacrum (IceCv)
  5 fire elementals
  3 steam dragons
  2 redbacks (Lair:5)
  2 wargs
  12 vampire mosquitoes
  17 swamp worms
  51 nagas
  27 water moccasins
  5 acid dragons
  A harpy simulacrum (IceCv)
  39 orc warriors
  2 black bears (D:6)
  11 swamp drakes
  3 ice beasts
  5 ogres
  6 wolves (Lair:2)
  10 centaurs
  6 small abominations (Abyss:3)
  A lemure (D:6)
  3 phantoms (D:6)
  3 kobold brigands
  2 earth elementals
  8 bullfrogs
  4 scorpions
  A gnoll sergeant (D:7)
  13 wights
  An elephant simulacrum (IceCv)
  8 killer bees (D:9)
  2 troll skeletons (Volcano)
  2 spriggan skeletons (Volcano)
  2 quasits (Abyss:3)
  3 lava snakes (Lair:3)
  5 hounds
  19 orc priests
  2 gnoll boudas
  5 jellies
  2 iron imps (Abyss:3)
  A sleepcap (D:5)
  8 iguanas
  22 orc wizards
  2 polar bear simulacra (IceCv)
  A wolf simulacrum (IceCv)
  26 gnolls
  11 adders
  2 shadow imps
  2 white imps
  3 ufetubi
  3 worms
  3 dart slugs
  67 orcs
  6 bats
  7 endoplasms
  2 giant cockroaches
  6 goblins
  5 hobgoblins
  22 kobolds
  4 quokkas
  4 ball pythons
  4 frilled lizards
  3 rats
  A lurking horror (Abyss:3)
  4 starspawn tentacles (Abyss:3)
1212 creatures vanquished.

Vanquished Creatures (collateral kills)
  A bunyip (Swamp:3)
  A bog body (Swamp:2)
  2 swamp dragons
  An orc knight (Orc:2)
  A deep elf zephyrmancer (Elf:2)
  An elephant (Lair:5)
  A naga mage (Snake:4)
  An anaconda simulacrum (IceCv)
  A hornet (Lair:5)
  A warg (Orc:1)
  2 orc warriors (Orc:2)
  A killer bee (D:9)
  An orc wizard (Orc:2)
  4 orcs (Orc:2)
19 creatures vanquished.

Vanquished Creatures (others)
  A deep elf knight (Elf:2)
  A bog body (Swamp:2)
  A deep elf zephyrmancer (Elf:2)
  A hornet (Swamp:2)
  A harpy skeleton (Volcano)
  A killer bee (D:9)
  An orc wizard (D:11)
  An adder (D:6)
  2 orcs
  40 foxfires
  9 spectral weapons
  12 starspawn tentacles
71 creatures vanquished.

Grand Total: 1302 creatures vanquished

Notes
Turn   | Place    | Note
-------+----------+-------------------------------------------
     0 | D:1      | GimliDwarf the Gnoll Wanderer began the quest for the Orb.
     0 | D:1      | GimliDwarf set off with the following items: a +0 dagger, a
                  | +0 helmet, a potion of curing, a +0 leather armour, a
                  | scroll of teleportation; and the following spell memorised:
                  | Shock; and the following spells available to memorise:
                  | Cigotuvi's Dreadful Rot, Vhi's Electric Charge.
     0 | D:1      | Reached XP level 1. HP: 20/20 MP: 6/6
   208 | D:1      | Reached XP level 2. HP: 26/26 MP: 2/7
   260 | D:1      | Found a faded altar of an unknown god.
   904 | D:2      | Reached skill level 5 in Spellcasting
   904 | D:2      | Reached XP level 3. HP: 31/31 MP: 2/9
  1226 | D:2      | Reached skill level 1 in Invocations
  1318 | D:2      | Reached skill level 1 in Short Blades
  1318 | D:2      | Reached skill level 1 in Long Blades
  1318 | D:2      | Reached skill level 1 in Axes
  1318 | D:2      | Reached skill level 1 in Maces & Flails
  1318 | D:2      | Reached skill level 1 in Polearms
  1318 | D:2      | Reached skill level 1 in Staves
  1318 | D:2      | Reached skill level 1 in Ranged Weapons
  1318 | D:2      | Reached skill level 1 in Throwing
  1318 | D:2      | Reached skill level 1 in Stealth
  1318 | D:2      | Reached skill level 1 in Shields
  1318 | D:2      | Reached skill level 1 in Unarmed Combat
  1318 | D:2      | Reached skill level 1 in Evocations
  1443 | D:2      | Reached XP level 4. HP: 38/38 MP: 9/11
  1997 | D:3      | Found a shadowy altar of Dithmenos.
  2013 | D:3      | Reached skill level 1 in Conjurations
  2013 | D:3      | Reached skill level 1 in Hexes
  2013 | D:3      | Reached skill level 1 in Summonings
  2013 | D:3      | Reached skill level 1 in Necromancy
  2013 | D:3      | Reached skill level 1 in Translocations
  2013 | D:3      | Reached skill level 1 in Transmutations
  2013 | D:3      | Reached skill level 1 in Fire Magic
  2013 | D:3      | Reached skill level 1 in Ice Magic
  2013 | D:3      | Reached skill level 1 in Earth Magic
  2013 | D:3      | Reached skill level 1 in Poison Magic
  2437 | D:3      | Noticed a scorpion
  2446 | D:3      | Learned a level 3 spell: Vhi's Electric Charge
  2464 | D:3      | Killed a scorpion
  2465 | D:3      | Reached XP level 5. HP: 35/43 MP: 3/12
  2656 | D:3      | Found the +8 arc blade {discharge, rElec}
  2758 | D:4      | Identified a scroll of acquirement
  2758 | D:4      | Acquired the ring "Zouhe" {rN+ Int+4 Slay+4 Stlth+}
  2996 | D:4      | Reached XP level 6. HP: 50/50 MP: 13/13
  2997 | D:4      | Noticed Sigmund
  3004 | D:4      | Reached skill level 5 in Fighting
  3004 | D:4      | Reached skill level 5 in Dodging
  3017 | D:4      | Killed Sigmund
  3092 | D:4      | Learned a level 2 spell: Poisonous Vapours
  3123 | D:4      | Reached XP level 7. HP: 56/56 MP: 13/15
  3151 | D:4      | Found an ornate altar of the Wu Jian Council.
  3328 | D:5      | Entered Level 5 of the Dungeon
  3591 | D:5      | Found a sparkling altar of Nemelex Xobeh.
  3616 | D:5      | Found a hide-covered altar of Uskayaw.
  3794 | D:5      | Reached XP level 8. HP: 62/63 MP: 12/16
  4331 | D:5      | Found a radiant altar of Vehumet.
  4339 | D:5      | Learned a level 3 spell: Mephitic Cloud
  4345 | D:5      | Learned a level 5 spell: Freezing Cloud
  4623 | D:6      | Identified the +2 cloak of the Enchanted Forest {Contam
                  | rElec Str+9}
  4720 | D:6      | Noticed Pikel
  4744 | D:6      | Killed Pikel
  4745 | D:6      | Reached XP level 9. HP: 64/69 MP: 10/18
  4995 | D:6      | Reached skill level 5 in Armour
  5148 | D:6      | Noticed Maggie
  5325 | D:6      | Killed Maggie
  5326 | D:6      | Reached skill level 5 in Invocations
  6269 | D:7      | Found a staircase to the Ecumenical Temple.
  6317 | Temple   | Entered the Ecumenical Temple
  6565 | D:3      | Became a worshipper of Dithmenos the Shadowed
  6840 | D:7      | Found an opulent altar of Gozag.
  6847 | D:7      | Found an ancient bone altar of Kikubaaqudgha.
  7056 | D:3      | Reached skill level 5 in Short Blades
  7056 | D:3      | Reached skill level 5 in Long Blades
  7056 | D:3      | Reached skill level 5 in Axes
  7056 | D:3      | Reached skill level 5 in Maces & Flails
  7056 | D:3      | Reached skill level 5 in Polearms
  7056 | D:3      | Reached skill level 5 in Staves
  7056 | D:3      | Reached skill level 5 in Ranged Weapons
  7056 | D:3      | Reached skill level 5 in Throwing
  7056 | D:3      | Reached skill level 5 in Stealth
  7056 | D:3      | Reached skill level 5 in Shields
  7056 | D:3      | Reached skill level 5 in Unarmed Combat
  7056 | D:3      | Reached skill level 5 in Evocations
  7359 | D:7      | Reached XP level 10. HP: 77/77 MP: 20/20
  7903 | D:8      | Identified the +8 trident of Temperance {spect, *Noise
                  | +Blink rElec Str+3}
  8132 | D:8      | Found Tileaf's General Store.
  8146 | D:8      | Bought 2 atropa-tipped darts for 25 gold pieces
  8146 | D:8      | Bought a scroll of identify for 28 gold pieces
  8146 | D:8      | Bought a scroll of enchant armour for 105 gold pieces
  8146 | D:8      | Bought a scroll of identify for 28 gold pieces
  8146 | D:8      | Bought a +2 pair of gloves for 231 gold pieces
  8146 | D:8      | Bought a scroll of identify for 28 gold pieces
  8161 | D:8      | Gained mutation: You have large cloven feet. [potion of
                  | mutation]
  8161 | D:8      | Gained mutation: You are partially covered in iridescent
                  | scales. (AC +2) [potion of mutation]
  8161 | D:8      | Gained mutation: You are robust. (+10% HP) [potion of
                  | mutation]
  8472 | D:9      | Noticed a centaur warrior
  8475 | D:9      | Noticed a centaur warrior
  8650 | D:9      | Reached * piety under Dithmenos
  9009 | D:9      | Noticed a two-headed ogre
  9037 | D:9      | Killed a two-headed ogre
  9152 | D:9      | Reached skill level 5 in Conjurations
  9152 | D:9      | Reached skill level 5 in Hexes
  9152 | D:9      | Reached skill level 5 in Summonings
  9152 | D:9      | Reached skill level 5 in Necromancy
  9152 | D:9      | Reached skill level 5 in Translocations
  9152 | D:9      | Reached skill level 5 in Transmutations
  9152 | D:9      | Reached skill level 5 in Fire Magic
  9152 | D:9      | Reached skill level 5 in Ice Magic
  9152 | D:9      | Reached skill level 5 in Earth Magic
  9152 | D:9      | Reached skill level 5 in Poison Magic
  9212 | D:9      | Reached XP level 11. HP: 93/93 MP: 22/22
  9260 | D:9      | Noticed Maurice
  9267 | D:9      | Killed Maurice
  9375 | D:9      | Reached ** piety under Dithmenos
  9528 | D:9      | Noticed a deep elf pyromancer
  9532 | D:9      | Killed a deep elf pyromancer
  9685 | D:9      | Identified the ring of Joleug {Wiz Fly rF+++ rC- Str-2}
  9917 | D:9      | an elephant changed into a steelbarb worm
  9917 | D:9      | Noticed a steelbarb worm (shapeshifter)
  9931 | D:9      | Killed a steelbarb worm
 10082 | D:9      | Killed a centaur warrior
 10346 | D:10     | Entered Level 10 of the Dungeon
 10715 | D:10     | Found Penysm's Magic Scroll Emporium.
 10724 | D:10     | Bought a scroll of identify for 22 gold pieces
 10724 | D:10     | Bought a scroll of identify for 22 gold pieces
 10799 | D:10     | Reached XP level 12. HP: 91/103 MP: 16/24
 10801 | D:10     | Reached *** piety under Dithmenos
 10871 | D:10     | Learned a level 2 spell: Passwall
 10888 | D:10     | Found a staircase to the Lair.
 11002 | D:10     | Found a bloodstained altar of Trog.
 11128 | D:11     | Noticed a two-headed ogre
 11143 | D:11     | Noticed Fannar
 11152 | D:11     | Killed Fannar
 11200 | D:11     | Noticed a boulder beetle
 11214 | D:11     | Killed a boulder beetle
 11338 | D:11     | Noticed Psyche
 11342 | D:11     | Killed Psyche
 11553 | D:11     | Found a staircase to the Orcish Mines.
 11834 | D:11     | Killed a two-headed ogre
 11901 | D:11     | Found a runed translucent door.
 11901 | D:11     | Noticed middlethird's ghost (journeyman VSAE)
 11901 | D:11     | Noticed an ogre mage
 12204 | Lair:1   | Entered Level 1 of the Lair of Beasts
 12305 | Lair:1   | Learned a level 4 spell: Summon Lightning Spire
 12386 | Lair:1   | Found a large runed translucent door.
 12386 | Lair:1   | Found a large runed translucent door.
 12387 | Lair:1   | Noticed Xaytacwe's ghost (journeyman GnNe)
 12419 | Lair:1   | Reached **** piety under Dithmenos
 12510 | Lair:1   | Reached XP level 13. HP: 110/111 MP: 21/26
 13315 | Lair:2   | Found a staircase to the Swamp.
 13614 | Lair:2   | Reached skill level 10 in Spellcasting
 14355 | Lair:3   | Found a dark tunnel.
 14362 | Volcano  | Entered a volcano
 14845 | Volcano  | Reached skill level 10 in Fighting
 14845 | Volcano  | Reached skill level 10 in Dodging
 15030 | Volcano  | Reached ***** piety under Dithmenos
 15562 | Lair:3   | Found a staircase to the Snake Pit.
 15873 | Lair:4   | Learned a level 4 spell: Dispel Undead
 15907 | Lair:4   | Found a staircase to the Slime Pits.
 15917 | Lair:4   | Reached XP level 14. HP: 114/121 MP: 21/28
 15919 | Lair:4   | Reached skill level 10 in Invocations
 17027 | Lair:5   | Entered Level 5 of the Lair of Beasts
 17524 | Lair:5   | Reached skill level 10 in Armour
 17614 | Lair:5   | Paralysed by a hornet for 1 turns
 18003 | Lair:5   | Got Sif Muna's Codex of the Summer
 18008 | Lair:5   | Learned a level 3 spell: Ignite Poison
 18364 | Lair:5   | Reached skill level 10 in Air Magic
 18914 | Orc:1    | Entered Level 1 of the Orcish Mines
 19072 | Orc:1    | Reached ****** piety under Dithmenos
 19610 | Lair:1   | Killed Xaytacwe's ghost
 19611 | Lair:1   | Reached skill level 10 in Short Blades
 19611 | Lair:1   | Reached skill level 10 in Long Blades
 19611 | Lair:1   | Reached skill level 10 in Axes
 19611 | Lair:1   | Reached skill level 10 in Maces & Flails
 19611 | Lair:1   | Reached skill level 10 in Polearms
 19611 | Lair:1   | Reached skill level 10 in Staves
 19611 | Lair:1   | Reached skill level 10 in Ranged Weapons
 19611 | Lair:1   | Reached skill level 10 in Throwing
 19611 | Lair:1   | Reached skill level 10 in Stealth
 19611 | Lair:1   | Reached skill level 10 in Shields
 19611 | Lair:1   | Reached skill level 10 in Unarmed Combat
 19611 | Lair:1   | Reached skill level 10 in Evocations
 19914 | Orc:2    | Entered Level 2 of the Orcish Mines
 19921 | Orc:2    | Found a staircase to the Elven Halls.
 19929 | Orc:2    | Noticed Snorg
 20115 | D:12     | Found a frozen archway.
 20122 | IceCv    | Entered an ice cave
 20332 | IceCv    | Reached XP level 15. HP: 119/129 MP: 23/30
 21641 | D:12     | Found a portal to a secret trove of treasure.
 21791 | Orc:2    | Killed Snorg
 22303 | Orc:2    | Noticed an orc warlord
 22711 | Orc:1    | Killed an orc warlord
 22861 | Orc:2    | Found Duirchaoka's Book Boutique.
 22932 | Orc:2    | Found Zacsem's General Store.
 23063 | Orc:2    | Found Afrugg's Antique Armour Shoppe.
 23083 | Orc:2    | Found Cuczir's Antique Weapon Boutique.
 23609 | Orc:2    | Bought the Vellum of Tropical Ceraunoscopy for 416 gold
                  | pieces
 23609 | Orc:2    | Bought a book of the Earth for 468 gold pieces
 23614 | Orc:2    | Learned a level 4 spell: Ice Form
 23621 | Orc:2    | Learned a level 6 spell: Statue Form
 23786 | Snake:1  | Entered Level 1 of the Snake Pit
 24329 | Snake:1  | Identified the ring "Rixzyr" {Fly rF+ Str+2}
 24704 | Snake:1  | Found a broken altar of Ashenzari.
 24842 | Snake:2  | Reached XP level 16. HP: 139/139 MP: 17/32
 25637 | Snake:2  | Noticed a nagaraja
 25646 | Snake:2  | Killed a nagaraja
 27947 | Snake:3  | Learned a level 7 spell: Storm Form
 27948 | Snake:4  | Entered Level 4 of the Snake Pit
 28431 | Snake:4  | Noticed a nagaraja
 28441 | Snake:4  | Killed a nagaraja
 28599 | Snake:4  | Noticed a nagaraja
 28601 | Snake:4  | Noticed a nagaraja
 28606 | Snake:4  | Reached XP level 17. HP: 148/148 MP: 10/33
 28647 | Snake:4  | Reached skill level 10 in Conjurations
 28647 | Snake:4  | Reached skill level 10 in Hexes
 28647 | Snake:4  | Reached skill level 10 in Summonings
 28647 | Snake:4  | Reached skill level 10 in Necromancy
 28647 | Snake:4  | Reached skill level 10 in Translocations
 28647 | Snake:4  | Reached skill level 10 in Transmutations
 28647 | Snake:4  | Reached skill level 10 in Fire Magic
 28647 | Snake:4  | Reached skill level 10 in Ice Magic
 28647 | Snake:4  | Reached skill level 10 in Earth Magic
 28647 | Snake:4  | Reached skill level 10 in Poison Magic
 29076 | Snake:4  | Got a serpentine rune of Zot
 29364 | Swamp:1  | Entered Level 1 of the Swamp
 29364 | Swamp:1  | Identified Roxanne's Elucidation of Alteration
 29364 | Swamp:1  | Noticed Roxanne
 29382 | Swamp:1  | Killed Roxanne
 29392 | Swamp:1  | Found the amulet of Vitality {RegenMP++ Regen++}
 29465 | Swamp:1  | Identified the +10 quarterstaff of a wizard's laboratory
                  | {drain, Str+3}
 29960 | Swamp:2  | Noticed Nikola
 29969 | Swamp:2  | Killed Nikola
 30110 | Swamp:2  | Noticed Mlioglotl
 30119 | Swamp:2  | Noticed a tentacled starspawn
 30280 | Swamp:1  | Gained mutation: Your body sometimes deteriorates upon
                  | taking damage. [mutagenic glow]
 30347 | Swamp:2  | Killed Mlioglotl
 30717 | Swamp:3  | Noticed Jorgrun
 30766 | Swamp:2  | Lost mutation: You are partially covered in iridescent
                  | scales. (AC +2) [potion of mutation]
 30766 | Swamp:2  | Lost mutation: You are robust. (+10% HP) [potion of
                  | mutation]
 30767 | Swamp:2  | Lost mutation: Your body sometimes deteriorates upon taking
                  | damage. [potion of mutation]
 30767 | Swamp:2  | Lost mutation: You have large cloven feet. [potion of
                  | mutation]
 30767 | Swamp:2  | Gained mutation: Your system is resistant to poisons.
                  | (rPois) [potion of mutation]
 30767 | Swamp:2  | Gained mutation: Your flesh is cold resistant. (rC+)
                  | [potion of mutation]
 30767 | Swamp:2  | Gained mutation: You possess an exceptional clarity of
                  | mind. [potion of mutation]
 30767 | Swamp:2  | Gained mutation: You are partially covered in iridescent
                  | scales. (AC +2) [potion of mutation]
 31023 | Swamp:3  | Killed Jorgrun
 31255 | Swamp:3  | Found an ornate altar of the Wu Jian Council.
 31472 | Swamp:4  | Entered Level 4 of the Swamp
 31714 | Swamp:4  | Reached XP level 18. HP: 143/143 MP: 32/35
 32122 | Swamp:4  | Noticed the 27-headed Lernaean hydra
 32140 | Swamp:4  | Killed the 27-headed Lernaean hydra
 32253 | Swamp:4  | Got a decaying rune of Zot
 32832 | Elf:1    | Entered Level 1 of the Elven Halls
 32832 | Elf:1    | Found a runed translucent gate.
 32832 | Elf:1    | Found a runed translucent gate.
 32832 | Elf:1    | Found a runed translucent gate.
 32832 | Elf:1    | Found a runed translucent gate.
 32832 | Elf:1    | Found a runed translucent gate.
 32832 | Elf:1    | Found a runed translucent gate.
 32841 | Elf:1    | Found a runed translucent door.
 32868 | Elf:1    | Found a runed translucent door.
 33459 | Elf:1    | Found Hakk's Neck Hole.
 34397 | D:13     | Found a gate to the Vaults.
 34463 | D:14     | You fall into a shaft and drop 1 floor!
 34463 | D:15     | Entered Level 15 of the Dungeon
 35673 | D:15     | Noticed Rupert
 35684 | D:15     | Paralysed by Rupert for 3 turns
 36053 | D:15     | Identified the +10 sling "Lamoiti" {freeze, rF+}
 36181 | D:15     | Killed Rupert
 36204 | D:15     | Found a staircase to the Depths.
 36655 | Slime:1  | Entered Level 1 of the Pits of Slime
 37034 | Slime:1  | Found a viscous altar of Jiyva.
 37299 | Elf:2    | Reached XP level 19. HP: 87/126 MP: 37/37
 37746 | Elf:2    | Found a runed translucent gate.
 37747 | Elf:2    | Found a runed translucent gate.
 37747 | Elf:2    | Found a runed translucent gate.
 37841 | Abyss:3  | Cast into level 3 of the Abyss (+0 halberd of distortion)
 37888 | Abyss:3  | Gained mutation: You are frail. (-10% HP) [a cacodemon]
 37889 | Abyss:3  | Gained mutation: You are weak. (Str -2) [a cacodemon]
 37931 | Abyss:3  | Found a corrupted altar of Lugonu.
 38034 | Abyss:3  | Paralysed by accursed screaming for 1 turns
 38230 | Elf:2    | Escaped the Abyss
 39051 | Elf:2    | Learned a level 6 spell: Plasma Beam
 39052 | Elf:3    | Entered Level 3 of the Elven Halls
 39227 | Elf:3    | Found Fini's Distillery.
 39232 | Elf:3    | Found Ileexuzo's Magic Scroll Emporium.
 39232 | Elf:3    | Found Joenig's Antique Armour Shoppe.
 39238 | Elf:3    | Found Efoqi's Magic Scroll Shoppe.
 39252 | Elf:3    | Bought a scroll of blinking for 97 gold pieces
 39255 | Elf:3    | Bought a dazzling leather armour for 238 gold pieces
 39255 | Elf:3    | Identified the +2 leather armour "Otomefo" {rN+} (You
                  | bought it in a shop on level 3 of the Elven Halls)
 39267 | Elf:3    | Bought a scroll of enchant armour for 135 gold pieces
 39658 | Elf:3    | Learned a level 4 spell: Olgreb's Toxic Radiance
 39678 | Abyss:3  | Cast into level 3 of the Abyss (a deep elf demonologist)
 39816 | Abyss:3  | Lost mutation: You are extremely frail. (-30% HP) [potion
                  | of mutation]
 39816 | Abyss:3  | Lost mutation: Your flesh is cold resistant. (rC+) [potion
                  | of mutation]
 39816 | Abyss:3  | Lost mutation: You are very weak. (Str -4) [potion of
                  | mutation]
 39816 | Abyss:3  | Gained mutation: Your muscles are strong. (Str +4, Int/Dex
                  | -1) [potion of mutation]
 39817 | Abyss:3  | Lost mutation: You possess an exceptional clarity of mind.
                  | [potion of mutation]
 39817 | Abyss:3  | Lost mutation: Your system is resistant to poisons. (rPois)
                  | [potion of mutation]
 39817 | Abyss:3  | Gained mutation: You have large cloven feet. [potion of
                  | mutation]
 39818 | Abyss:3  | Lost mutation: You are partially covered in iridescent
                  | scales. (AC +2) [potion of mutation]
 39818 | Abyss:3  | Lost mutation: You have large cloven feet. [potion of
                  | mutation]
 39827 | Abyss:3  | Noticed a bone dragon
 39858 | Abyss:3  | Found a corrupted altar of Lugonu.
 39937 | Abyss:3  | Reached skill level 15 in Invocations
 39959 | Abyss:3  | Found a corrupted altar of Lugonu.
 40048 | Elf:3    | Escaped the Abyss
 40234 | Abyss:3  | Cast into level 3 of the Abyss (a deep elf sorcerer)
 40333 | Abyss:3  | Reached XP level 20. HP: 160/160 MP: 38/38
 40351 | Abyss:3  | Noticed a bone dragon
 40366 | Abyss:3  | Noticed a bone dragon
 40368 | Abyss:3  | Killed a bone dragon
 40386 | Abyss:3  | Killed a bone dragon
 40571 | Elf:3    | Escaped the Abyss
 40649 | Elf:3    | Identified the amulet of the Dolphin {Faith Contam rElec
                  | Str+2 Dex+2}
 40729 | Elf:3    | Identified the +0 trident of the Desolation of Salt {speed,
                  | rCorr}
 40737 | Elf:3    | Reached skill level 15 in Spellcasting
 41160 | Elf:3    | Got the Handbook of Ensorcelling
 41165 | Elf:3    | Identified the staff of earth "Xyut" {*Corrode rC+++ Int+6}
 41574 | Slime:1  | HP: 2/161 [acid blob (13)]
 41574 | Slime:1  | Splashed by an acid blob's acid

Illustrated notes

Levels and vault maps discovered:
D:1:      psy_arrival_fountain, layout_loops_ring,
          shapermc_ecumenical_altar_mp_ritualfount
D:2:      layout_rooms
D:3:      layout_basic, nicolae_dithmenos_through_a_glass_darkly,
          minmay_checkerbox
D:4:      layout_rooms, nzn_wu_jian_contemplation,
          chequers_serial_rivers_small_b, uniq_sigmund
D:5:      layout_basic, nemelex_altar_shiori, lemuel_coloured_pillars_altar,
          amcnicky_altar_gilded
D:6:      layout_loops_corners, grunt_ministairs_7, roderic_st_hans_cross,
          uniq_maggie, uniq_pikel
D:7:      layout_basic, amethyst_overflow_temple_binary, temple_fountains
D:8:      layout_rooms, serial_shops, nicolae_shop_tiny_glass
D:9:      layout_grid_maze, minmay_shattered_shrine, uniq_maurice
D:10:     layout_rooms, kennysheep_little_box, grunt_lair_entry_orc_guard_hut,
          serial_shops, nicolae_lakefront_shop, minmay_crystal_room
D:11:     layout_loops_ring, minmay_orc_entry_temple_small,
          ebering_ghost_inner_flame, uniq_psyche, uniq_fannar
D:12:     layout_loops_ring, enter_trove_0, portal_ice_cave_entry_pillars_2,
          hex_large, roderic_serpentine_path, kennysheep_generic_room_11
D:13:     layout_big_octagon, david_vaults_5
D:14:     layout_grid_maze
D:15:     grunt_enter_depths_hoard, layout_basic, nicolae_two_hexagons,
          uniq_rupert
Temple:   nicolae_temple_great_sept
Lair:1:   layout_misc_corridors, ebering_ghost_disaster_area, minivault_26
Lair:2:   layout_small_grid, palyth_hydra_swamp_entry
Lair:3:   layout_big_grid, nicolae_snake_entry_warm_welcome, enter_volcano_4,
          grunt_megastairs_3
Lair:4:   layout_cave_pods, slime_entry_1, minmay_lair_drake_nest,
          lemuel_fruit_fields, grunt_megastairs_5
Lair:5:   hangedman_lair_tendril_chambers, layout_long_grid,
          guppyfry_lair_end_dragon
Swamp:1:  layout_basic_swamp, infiniplex_staircase_pool, uniq_roxanne
Swamp:2:  layout_basic_swamp, infiniplex_staircase_pool_2, uniq_nikola,
          uniq_mlioglotl
Swamp:3:  layout_basic_swamp, basic_altar, swamp_pool1, uniq_jorgrun
Swamp:4:  swamp_old_school, layout_basic_swamp
Snake:1:  layout_gridlike, basic_altar
Snake:2:  layout_layer_cave
Snake:3:  layout_misc_corridors, drop_trap
Snake:4:  minmay_snake_end_coiled, layout_rooms, serial_bayou_shore_b
Slime:1:  layout_caves, basic_altar
Orc:1:    layout_caves
Orc:2:    grunt_orc_gardens, layout_caves, grunt_orc_garden, grunt_orc_garden,
          grunt_orc_garden, grunt_orc_garden, uniq_snorg
Elf:1:    nicolae_elf_arrival_dilemma, layout_gridlike,
          minmay_elf_crystal_hexagon, small_statue_intersection,
          nicolae_shop_sticking_my_neck_out
Elf:2:    nicolae_elf_blades_crystal_corner, layout_geoelf_octagon
Elf:3:    minmay_elf_hall_curves, layout_gridlike, dreamdust_princess_bridge,
          nicolae_wwwww, minmay_shoptagon

Skill      XL: |  1  2  3  4  5  6  7  8  9 10 11 12 13 14 15 16 17 18 19 20 |
---------------+-------------------------------------------------------------+-----
Spellcasting   | 5 6 7 8 9 10 11 12 13 14 15 | 15.1
Invocations    | 1 2 3 4 5 6 7 8 9 10 11 12 13 14 15 | 15.5
Short Blades   | 1 2 3 5 6 7 8 9 10 11 12 13 14 | 14.3
Long Blades    | 1 2 3 5 6 7 8 9 10 11 12 13 14 | 14.3
Axes           | 1 2 3 5 6 7 8 9 10 11 12 13 14 | 14.3
Maces & Flails | 1 2 3 5 6 7 8 9 10 11 12 13 14 | 14.3
Polearms       | 1 2 3 5 6 7 8 9 10 11 12 13 14 | 14.3
Staves         | 1 2 3 5 6 7 8 9 10 11 12 13 14 | 14.3
Ranged Weapons | 1 2 3 5 6 7 8 9 10 11 12 13 14 | 14.3
Throwing       | 1 2 3 5 6 7 8 9 10 11 12 13 14 | 14.3
Stealth        | 1 2 3 5 6 7 8 9 10 11 12 13 14 | 14.3
Shields        | 1 2 3 5 6 7 8 9 10 11 12 13 14 | 14.3
Unarmed Combat | 1 2 3 5 6 7 8 9 10 11 12 13 14 | 14.3
Evocations     | 1 2 3 5 6 7 8 9 10 11 12 13 14 | 14.3
Conjurations   | 1 2 3 4 5 6 7 8 9 10 11 12 | 12.1
Hexes          | 1 2 3 4 5 6 7 8 9 10 11 12 | 12.1
Summonings     | 1 2 3 4 5 6 7 8 9 10 11 12 | 12.1
Necromancy     | 1 2 3 4 5 6 7 8 9 10 11 12 | 12.1
Translocations | 1 2 3 4 5 6 7 8 9 10 11 12 | 12.1
Transmutations | 1 2 3 4 5 6 7 8 9 10 11 12 | 12.1
Fire Magic     | 1 2 3 4 5 6 7 8 9 10 11 12 | 12.1
Ice Magic      | 1 2 3 4 5 6 7 8 9 10 11 12 | 12.1
Earth Magic    | 1 2 3 4 5 6 7 8 9 10 11 12 | 12.1
Poison Magic   | 1 2 3 4 5 6 7 8 9 10 11 12 | 12.1
Armour         | 3 4 5 6 7 8 9 10 11 12 13 14 | 14.5
Fighting       | 5 6 7 8 9 10 11 12 13 14 | 14.9
Dodging        | 5 6 7 8 9 10 11 12 13 14 | 14.9
Air Magic      | 6 7 8 9 10 11 12 13 | 13.2

Action                     |  1- 3 |  4- 6 |  7- 9 | 10-12 | 13-15 | 16-18 | 19-21 || total
---------------------------+-------+-------+-------+-------+-------+-------+-------++-------
  Melee: Dagger            |     1 |       |       |       |       |       |       ||     1
         Rapier            |       |    32 |   143 |    53 |    82 |       |    61 ||   371
         Bite              |       |     3 |    22 |    41 |    84 |   115 |   106 ||   371
         Punch             |       |       |     6 |    16 |    51 |    43 |    30 ||   146
         Trident           |       |       |       |   261 |   699 |   405 |    11 ||  1376
         Kick              |       |       |       |       |     7 |    67 |       ||    74
         Unarmed           |       |       |       |       |       |   133 |     7 ||   140
         Quarterstaff      |       |       |       |       |       |   359 |   372 ||   731
         Labrys            |       |       |       |       |       |       |   144 ||   144
   Cast: Shock             |    62 |    48 |     3 |     2 |       |       |       ||   115
         Vhi's Electric Ch |       |       |     3 |    54 |   106 |     4 |     3 ||   170
         Poisonous Vapours |       |       |     8 |    30 |    14 |       |       ||    52
         Mephitic Cloud    |       |       |     4 |    16 |    42 |     1 |     1 ||    64
         Freezing Cloud    |       |       |       |     2 |    36 |   109 |    59 ||   206
         Dispel Undead     |       |       |       |       |     6 |       |       ||     6
         Summon Lightning  |       |       |       |       |     9 |    10 |     3 ||    22
         Ignite Poison     |       |       |       |       |     6 |       |     5 ||    11
         Statue Form       |       |       |       |       |     2 |    29 |    29 ||    60
         Storm Form        |       |       |       |       |       |    10 |     1 ||    11
         Olgreb's Toxic Ra |       |       |       |       |       |       |     6 ||     6
 Invoke: Shadow Form       |       |       |       |       |       |     2 |     1 ||     3
Ability: Evoke Blink       |       |       |       |       |       |     1 |       ||     1
         End Transformatio |       |       |       |       |       |       |     1 ||     1
  Evoke: Wand              |       |       |       |       |    12 |     6 |     1 ||    19
    Use: Scroll            |       |     9 |     5 |    11 |    16 |    12 |     3 ||    56
         Potion            |       |       |       |     1 |     2 |     6 |     7 ||    16
   Stab: Sleeping          |       |     2 |     7 |     4 |     8 |    33 |     3 ||    57
         Distracted        |       |     1 |       |     1 |    10 |    23 |    11 ||    46
         Confused          |       |       |       |     9 |    18 |       |     1 ||    28
         Invisible         |       |       |       |       |       |     2 |       ||     2
 Armour: Leather armour    |     3 |    10 |    36 |       |       |       |       ||    49
         Swamp dragon scal |       |       |    18 |   132 |   268 |   258 |    93 ||   769
         Skin              |       |       |       |       |    13 |   192 |   203 ||   408
  Dodge: Dodged            |     5 |    15 |    89 |   194 |   585 |   890 |   479 ||  2257
